 Seeded DCSS version 0.28-a0-823-gb444dcf96d (webtiles) character file.

Game seed: 99999 (custom seed)

144 a11behringer the Slasher (level 5, 0/39 HPs)
             Began as a Djinni Gladiator on Nov 10, 2021.
             Was a Follower of Yredelemnul.
             Slain by AttackTheMoon's ghost (9 damage)
             ... on level 3 of the Dungeon.
             The game lasted 00:08:37 (1960 turns).

a11behringer the Slasher (Djinni Gladiator)         Turns: 1960, Time: 00:08:38

Health: 0/39       AC:  4    Str: 14    XL:     5   Next: 52%
Gold:   84         EV: 12    Int:  9    God:    Yredelemnul [*.....] SH:  0 Dex: 13

rFire   + + .      SeeInvis .   j - +3 falchion (freeze)
rCold   x . .      Faith    .   (no shield)
rNeg    . . .      Spirit   .   b - +0 leather armour
rPois   ∞          Reflect  .   c - +0 helmet
rElec   .          Harm     .   (no cloak)
rCorr   .          Rampage  .   (no gloves)
Will    .....                   (boots unavailable)
Stlth   +.........              (no amulet)
HPRegen 0.13/turn               (no ring)
MPRegen 0.00/turn               (no ring)

@: flying
A: sickness immunity, fire resistance 2, cold vulnerability 1, float, innate
caster, hp casting, extra vitality 1, clumsy 1
a: Renounce Religion, Animate Remains


You were on level 3 of the Dungeon.
You worshipped Yredelemnul.
Yredelemnul was aware of your devotion.
You visited 1 branch of the dungeon, and saw 3 of its levels.

You collected 180 gold pieces.
You spent 96 gold pieces at shops.

Inventory:

Hand Weapons
 a - a +0 long sword
 j - a +3 falchion of freezing (weapon)
Missiles
 d - 2 throwing nets
 e - 13 poisoned darts (quivered)
Armour
 b - a +0 leather armour (worn)
 c - a +0 helmet (worn)
Potions
 i - a potion of magic


   Skills:
 + Level 2.6 Fighting
 * Level 4.3 Long Blades
 + Level 1.5 Throwing
 + Level 1.6 Armour
 + Level 3.7 Dodging


You had one spell level left.
You knew the following spells:

 Your Spells              Type           Power      Damage    Failure   Level
a - Shock                 Conj/Air       0%         1d3       45%         1
b - Scorch                Fire           0%         2d5       58%         2
Your spell library was empty.

Dungeon Overview and Level Annotations

Branches:
Dungeon (3/15)

Altars:
Yredelemnul

Shops:
D:2 (

Annotations:
D:3 AttackTheMoon's ghost, amateur DjFE


Innate Abilities, Weirdness & Mutations

You are immune to sickness and miasma.
You are immune to poison.
Your flesh is very heat resistant. (rF++)
You are vulnerable to cold. (rC-)
You float through the air rather than walking.
You learn spells naturally, not from books.
Your magical power is your life essence.
You have superior vitality. (+4 HP)
You are clumsy. (Dex -2)


Message History

The worm is moderately wounded.
The worm bites you.
AttackTheMoon's ghost wails, "I was like you once."
AttackTheMoon's ghost hits you!
You hit the worm. You freeze the worm.
The worm is severely wounded.
AttackTheMoon's ghost misses you. The worm bites you.
You slash the worm! You freeze the worm.
You kill the worm!
Yredelemnul accepts your kill.
AttackTheMoon's ghost completely misses you.
You slash AttackTheMoon's ghost! You freeze AttackTheMoon's ghost.
AttackTheMoon's ghost is lightly damaged.
AttackTheMoon's ghost casts a spell at you.
The blast of sand hits you.
You barely miss AttackTheMoon's ghost.
AttackTheMoon's ghost is lightly damaged.
AttackTheMoon's ghost mumbles some strange words.
You smell decay.
You hit AttackTheMoon's ghost. You freeze AttackTheMoon's ghost.
AttackTheMoon's ghost is moderately damaged.
AttackTheMoon's ghost hits you.
* * * LOW HITPOINT WARNING * * *
You hit AttackTheMoon's ghost. You freeze AttackTheMoon's ghost.
AttackTheMoon's ghost is moderately damaged.
AttackTheMoon's ghost barely misses you.
Okay, then.
Casting: Shock (safe; 45% risk of failure)
Confirm with . or Enter, or press ? or * to list all spells.
Okay, then.
Okay, then.
You closely miss AttackTheMoon's ghost.
AttackTheMoon's ghost is moderately damaged.
AttackTheMoon's ghost hits you.
* * * LOW HITPOINT WARNING * * *
You hit AttackTheMoon's ghost but do no damage.
AttackTheMoon's ghost is moderately damaged.
AttackTheMoon's ghost hits you!
You die...
Your body rises from the dead as a mindless zombie.

#........####
#......#.#
#...##.#.#
#....#.#.#
#####......#.#
...............+
#######......#.#
#........#
##...@..##
#..W.#.#
###'##.# #≈≈≈# #
#≈≈≈# #≈≈≈#
#≈≈≈# #≈?≈#
#≈≈≈#


You could see AttackTheMoon's ghost.

Vanquished Creatures
  2 adders (D:2)
  2 worms
  2 dart slugs
  5 endoplasms
  3 giant cockroaches
  7 goblins
  5 hobgoblins (D:1)
  2 jackals (D:1)
  2 quokkas
  3 ball pythons (D:1)
  5 bats (D:1)
  2 kobolds (D:2)
  5 rats
45 creatures vanquished.

Vanquished Creatures (collateral kills)
  A bullfrog (D:3)
  An adder (D:3)
2 creatures vanquished.

Vanquished Creatures (others)
  A giant cockroach (D:3)
1 creature vanquished.

Grand Total: 48 creatures vanquished

Notes
Turn   | Place    | Note
-------+----------+-------------------------------------------
     0 | D:1      | a11behringer the Djinni Gladiator began the quest for the
                  | Orb.
     0 | D:1      | Reached XP level 1. HP: 18/18 MP: 0/0
   384 | D:1      | Reached skill level 3 in Long Blades
   384 | D:1      | Reached XP level 2. HP: 19/23 MP: 0/0
   742 | D:1      | Reached XP level 3. HP: 28/28 MP: 0/0
   742 | D:1      | Learned a level 1 spell: Shock
  1298 | D:2      | Found a faded altar of an unknown god.
  1328 | D:2      | Prayed at the altar of an unknown god.
  1328 | D:2      | Became a worshipper of Yredelemnul the Dark
  1328 | D:2      | Reached * piety under Yredelemnul
  1380 | D:2      | Reached XP level 4. HP: 34/34 MP: 0/0
  1680 | D:2      | Found Putuicyi's Antique Weapon Shop.
  1683 | D:2      | Bought a glowing falchion for 96 gold pieces
  1747 | D:2      | Gained mutation: You are clumsy. (Dex -2) [potion of
                  | mutation]
  1781 | D:2      | Reached skill level 1 in Armour
  1916 | D:3      | Found a runed translucent door.
  1924 | D:3      | Noticed a bullfrog
  1924 | D:3      | Noticed AttackTheMoon's ghost (amateur DjFE)
  1935 | D:3      | Killed a bullfrog
  1936 | D:3      | Reached skill level 4 in Long Blades
  1936 | D:3      | Reached XP level 5. HP: 32/39 MP: 0/0
  1936 | D:3      | Learned a level 2 spell: Scorch
  1960 | D:3      | Slain by AttackTheMoon's ghost

Illustrated notes

Levels and vault maps discovered:
D:1:      heliophobic_arrival_battle_scene, layout_loops_ring, solitary_fountain
D:2:      layout_basic, serial_shops, nicolae_shop_behind_doors,
          ebering_ecumenical_altar_abandoned
D:3:      layout_loops_corners, serial_shops, shop, ebering_ghost_sewer_f

Skill      XL: |  1  2  3  4 |
---------------+-------------+-----
Long Blades    | 3 4 |  4.3
Armour         | 1 |  1.6
Fighting       | |  2.6
Throwing       | |  1.5
Dodging        | |  3.7

Action                   |  1- 3 |  4- 6 || total
-------------------------+-------+-------++-------
Melee: Long sword        |    88 |     7 ||    95
       Falchion          |       |    28 ||    28
Throw: Dart              |     3 |       ||     3
       Throwing net      |     1 |       ||     1
  Use: Scroll            |     2 |     7 ||     9
       Potion            |       |     1 ||     1
 Stab: Sleeping          |     1 |       ||     1
Armor: Leather armour    |    35 |     1 ||    36
Dodge: Dodged            |    56 |    18 ||    74

Table legend: (Time is in decaauts)
 A = Elapsed time spent in this place.
 B = Non-inter-level travel time spent in this place.
 C = Inter-level travel time spent in this place.
 D = Time resting spent in this place.
 E = Time spent auto-exploring this place.
 F = Levels seen in this place.
 G = Mean time per level.
                   A        B        C        D        E       F      G
               +--------+--------+--------+--------+--------+-----+--------+
         Total |   1984 |   1613 |    371 |      0 |   1292 |   3 |  661.3 |
       Dungeon |   1984 |   1613 |    371 |      0 |   1292 |   3 |  661.3 |
               +--------+--------+--------+--------+--------+-----+--------+

Top non-repeatable levels by time:
     D:1: 1160 daAuts
     D:2: 756 daAuts
     D:3: 67 daAuts
